 Dungeon Sprint DCSS version 0.30-a0-800-g7c544603b3 (webtiles) character file.

Game seed: 10355936564129956384

1300000 BigDaddyOpFi the Axe Maniac (level 14, -11/98 HPs)
             Began as a Djinni Warper on Feb 22, 2023.
             Was a Believer of Makhleb.
             Mangled by a meat berserker
             ... wielding a +9 battleaxe
              (79 damage)
             ... in the Dungeon (Sprint VIII: "Arena of Blood").
             The game lasted 00:00:31 (13 turns).

BigDaddyOpFi the Axe Maniac (Djinni Warper)           Turns: 13, Time: 00:00:32

Health: -11/98     AC:  4    Str: 10    XL:     14   Next: 47%
Gold:   0          EV: 16    Int: 15    God:    Makhleb [**....] SH:  0 Dex: 18

rFire   + + .      SeeInvis .    h - +∞ Axe of Woe
rCold   x . .      Faith    .    (shield currently unavailable)
rNeg    . . .      Spirit   .    a - +0 leather armour
rPois   ∞          Reflect  .    (no helmet)
rElec   .          Harm     .    (no cloak)
rCorr   .          Rampage  .    (no gloves)
Will    +....      NoTele   +    (boots unavailable)
Stlth   +                        (no amulet)
HPRegen 0.36/turn                (no ring)
MPRegen 0.00/turn                (no ring)

@: flying
A: sickness immunity, fire resistance 2, cold vulnerability 1, float, innate
caster, HP casting, extra vitality 1
a: Renounce Religion, Minor Destruction


You were in the Dungeon.
You worshipped Makhleb.
Makhleb was pleased with you.
You visited 1 branch

Inventory:

Hand Weapons
 h - the +∞ Axe of Woe (weapon)
   (You found it in the Dungeon)
Missiles
 c - 7 boomerangs of dispersal (quivered)
Armour
 a - a +0 leather armour (worn)
Scrolls
 b - 2 scrolls of blinking
Potions
 d - a potion of curing
 e - a potion of heal wounds
 f - a potion of haste
 g - a potion of berserk rage


   Skills:
 + Level 8.1 Fighting
 O Level 27 Axes
 - Level 0.7 Throwing
 + Level 7.8 Armour
 + Level 8.8 Dodging
 - Level 2.0 Unarmed Combat
 + Level 6.5 Spellcasting
 * Level 11.1 Invocations


You knew the following spells:

 Your Spells              Type           Power      Damage    Failure   Level
a - Blink                 Tloc           48%        N/A       1%          2
b - Lesser Beckoning      Tloc           48%        N/A       1%          2
c - Vhi's Electric Charg  Tloc/Air       48%        N/A       3%          3
d - Teleport Other        Tloc           24%        N/A       3%          3
e - Manifold Assault      Tloc           24%        N/A       12%         4
f - Sandblast             Erth           48%        2d12      1%          1
g - Passwall              Tmut/Erth      20%        N/A       1%          2
h - Scorch                Fire           48%        2d7       1%          2
i - Anguish               Hex/Necr       12%        N/A       12%         4
j - Freezing Cloud        Conj/Ice/Air   12%        6-21      34%         5
k - Arcjolt               Conj/Air       12%        1d22      34%         5
Your spell library was empty.

Dungeon Overview and Level Annotations

Branches:
Dungeon (1/1)

Altars:
Makhleb


Innate Abilities, Weirdness & Mutations

You are immune to sickness and miasma.
You are immune to poison.
Your flesh is very heat resistant. (rF++)
You are vulnerable to cold. (rC-)
You float through the air rather than walking.
You learn spells naturally, not from books.
Your magical power is your life essence.
You have superior vitality. (+4 MHP)


Message History

The meat berserker rages.
You hear a shout! x3
You have mastered Axes!
You need to enable at least one skill for training.
Your Fighting skill gained 4 levels and is now at level 6!
Your Armour skill gained 5 levels and is now at level 6!
Your Dodging skill gained 5 levels and is now at level 7!
Your Spellcasting skill gained 3 levels and is now at level 5!
Your Invocations skill gained 8 levels and is now at level 8!
You have reached level 14!
You hit the bag of meat.
You pulverise the bag of meat into a thin bloody mist.
You kill the bag of meat!
Makhleb accepts your kill.
You can now harness Makhleb's destructive might.
You feel better.
You hear a shout! x10
Your Fighting skill gained 2 levels and is now at level 8!
Your Armour skill increases to level 7!
Your Dodging skill increases to level 8!
Your Spellcasting skill increases to level 6!
Your Invocations skill gained 3 levels and is now at level 11!
Unknown command.
Press < or > to pray at altars.
Aiming: Minor Destruction (0% risk of failure)
Press: ? - help, Shift-Dir - straight line, f - meat berserker
Aim: a meat berserker, wielding a +9 battleaxe and wearing a +30 ring of slaying (berserk)
The stone arrow hits the meat berserker!!
The meat berserker is lightly wounded.
The bag of meat appears out of thin air!
A bag of meat comes into view. It is wielding a +9 war axe.
The bag of meat shouts!
You hear a shout! x5
A meat berserker comes into view. It is wielding a +9 battleaxe.
You hear a shout! x8
You hear a shout! x5
The meat berserker rages.
You hear a shout! x5
The meat berserker hits you with a +9 battleaxe!!!!
Ouch! That really hurt!
You die...

...... .. .....
#. ....# #.. ...#
.. .###..
...###...
......###........
......_.Oo......
#...)@# #_.<)_#
#.....#
......_.....
......###O.....
.###.. ...###..
#.. ...# . #.
...# .. .....


You could see 2 meat berserkers and a bag of meat.

Vanquished Creatures
  An ogre (D)
  4 orcs (D)
5 creatures vanquished.

Notes
Turn   | Place    | Note
-------+----------+-------------------------------------------
     0 | D        | Found the +∞ Axe of Woe
     0 | D        | BigDaddyOpFi the Djinni Warper began the quest for the Orb.
     0 | D        | BigDaddyOpFi set off with the following spells memorised:
                  | Blink, Lesser Beckoning, Vhi's Electric Charge, Teleport
                  | Other, Manifold Assault.
     0 | D        | Reached XP level 1. HP: 18/18 MP: 0/0
     2 | D        | Noticed a bag of meat
     3 | D        | Noticed a bag of meat
     4 | D        | Became a worshipper of Makhleb the Destroyer
     4 | D        | Noticed a bag of meat
     5 | D        | Noticed a bag of meat
     6 | D        | Noticed a meat berserker
     9 | D        | Killed a meat berserker
     9 | D        | Killed a bag of meat
     9 | D        | Reached * piety under Makhleb
    10 | D        | Reached skill level 26 in Axes
    10 | D        | Reached XP level 2. HP: 6/23 MP: 0/0
    10 | D        | Reached XP level 3. HP: 8/28 MP: 0/0
    10 | D        | Learned a level 1 spell: Sandblast
    10 | D        | Reached XP level 4. HP: 9/33 MP: 0/0
    10 | D        | Reached XP level 5. HP: 11/38 MP: 0/0
    10 | D        | Learned a level 2 spell: Passwall
    10 | D        | Reached XP level 6. HP: 12/43 MP: 0/0
    10 | D        | Reached XP level 7. HP: 14/49 MP: 0/0
    10 | D        | Learned a level 2 spell: Scorch
    10 | D        | Reached XP level 8. HP: 16/54 MP: 0/0
    10 | D        | Reached XP level 9. HP: 17/58 MP: 0/0
    10 | D        | Learned a level 4 spell: Anguish
    10 | D        | Reached XP level 10. HP: 19/64 MP: 0/0
    10 | D        | Reached XP level 11. HP: 20/68 MP: 0/0
    10 | D        | Learned a level 5 spell: Freezing Cloud
    10 | D        | Reached XP level 12. HP: 22/74 MP: 0/0
    10 | D        | Reached XP level 13. HP: 23/78 MP: 0/0
    10 | D        | Learned a level 5 spell: Arcjolt
    10 | D        | Killed a bag of meat
    10 | D        | Killed a bag of meat
    10 | D        | Noticed a meat berserker
    11 | D        | Reached skill level 27 in Axes
    11 | D        | Reached skill level 5 in Spellcasting
    11 | D        | Reached XP level 14. HP: 46/94 MP: 0/0
    11 | D        | Killed a bag of meat
    11 | D        | Reached ** piety under Makhleb
    12 | D        | Noticed a bag of meat
    12 | D        | Noticed a meat berserker
    13 | D        | Mangled by a meat berserker

Illustrated notes

Levels and vault maps discovered:
D:        meatsprint

Skill      XL: |  1  2  3  4  5  6  7  8  9 10 11 12 13 14 |
---------------+-------------------------------------------+-----
Axes           | 26 27 | 27.0
Fighting       | 6 8 |  8.1
Armour         | 6 7 |  7.8
Dodging        | 7 8 |  8.8
Spellcasting   | 5 6 |  6.5
Invocations    | 8 11 | 11.1
Throwing       | |  0.7
Unarmed Combat | |  2.0

Action                     |  1- 3 |  4- 6 |  7- 9 | 10-12 | 13-15 || total
---------------------------+-------+-------+-------+-------+-------++-------
  Melee: Executioner's axe |     1 |       |       |       |     2 ||     3
 Invoke: Minor Destruction |       |       |       |       |     1 ||     1

Table legend: (Time is in decaauts)
 A = Elapsed time spent in this place.
 B = Non-inter-level travel time spent in this place.
 C = Inter-level travel time spent in this place.
 D = Time resting spent in this place.
 E = Time spent auto-exploring this place.
 F = Levels seen in this place.
 G = Mean time per level.
                   A        B        C        D        E       F      G
               +--------+--------+--------+--------+--------+-----+--------+
         Total |     12 |     12 |      0 |      0 |      0 |   1 |   12.0 |
       Dungeon |     12 |     12 |      0 |      0 |      0 |   1 |   12.0 |
               +--------+--------+--------+--------+--------+-----+--------+

Top non-repeatable levels by time:
       D: 12 daAuts
